AoeStats
← Maslive

Black Forest

510651215Analyzed
2v2 RM · 12h ago on Oct 2, 2026· 64m 40s· 4 players
Game mode
Random Map
Map size
Medium (4 player)
Population
200
Speed
Normal
Resources
Standard
Victory
Conquest
Starting age
Dark Age
Ending age
Imperial Age
RankedLock teamsTeams togetherTeam positionsShared explorationLock speedFull tech treeHidden civsTurbo modeCheats
Victory
Defeat
🇨🇴 Spanish · Colombia
1210
+16
🇺🇸 Mongols · United States
1125
+19
🇺🇸 Celts · United States
1239
-19
🇺🇸 Cumans · United States
1171
-16
fingerless7597
10:40 Feudal Age
15:16 Castle Age
13:29 Double-Bit Axe
14:27 Fishing Lines
18:37 Loom
22:22 Gillnets
24:21 Bow Saw
24:50 Wheelbarrow
24:01 Town Watch
25:10 Horse Collar
25:57 Gold Mining
25:57 Stone Mining
27:47 Fortified Wall
29:03 Gold Shaft Mining
28:18 Stone Mining
32:27 Imperial Age
30:13 Hand Cart
29:58 Town Patrol
32:14 Ballistics
32:01 Stone Mining
33:08 Husbandry
33:19 Bloodlines
33:21 Thumb Ring
34:22 Parthian Tactics
34:12 Elite Mangudai
35:14 Conscription
34:48 Fletching
34:58 Padded Archer Armor
36:00 Chemistry
34:41 Light Cavalry
35:52 Caravan
36:22 Nomads
36:43 Drill
36:21 Bodkin Arrow
36:41 Leather Archer Armor
36:38 Forging
36:33 Scale Barding Armor
37:35 Bracer
37:33 Onager
38:40 Masonry
39:37 Hoardings
41:00 Iron Casting
40:45 Chain Barding Armor
40:12 Hussar
40:34 Siege Onager
41:41 Heavy Plow
52:31 Scale Mail Armor
54:02 Blast Furnace
molina_229
1:59 Loom
12:17 Feudal Age
13:47 Town Watch
16:14 Castle Age
16:34 Double-Bit Axe
30:52 Bow Saw
35:07 Imperial Age
33:13 Wheelbarrow
33:55 Scale Barding Armor
33:51 Padded Archer Armor
34:27 Forging
34:27 Horse Collar
34:38 Gold Mining
35:04 Bloodlines
34:55 Husbandry
35:26 Ballistics
35:19 Fletching
37:29 Chemistry
36:48 Cavalier
37:33 Bodkin Arrow
37:58 Chain Barding Armor
38:15 Iron Casting
38:03 Conscription
38:04 Supremacy
39:57 Heavy Plow
41:00 Two-Man Saw
40:53 Stone Mining
42:45 Hoardings
44:57 Hand Cart
45:20 Plate Barding Armor
45:46 Blast Furnace
44:47 Bracer
45:02 Leather Archer Armor
45:28 Pikeman
46:10 Squires
45:56 Arson
46:36 Gambesons
47:43 Murder Holes
48:01 Paladin
48:45 Scale Mail Armor
48:13 Halberdier
49:26 Elite Conquistador
50:53 Bombard Tower
52:06 Ring Archer Armor
51:52 Chain Mail Armor
50:58 Light Cavalry
52:17 Masonry
52:18 Fortified Wall
56:27 Hussar
59:59 Plate Mail Armor
60:01 Architecture
59:22 Guard Tower
59:19 Sappers
Maslive
3:25 Loom
13:58 Feudal Age
16:16 Horse Collar
16:28 Double-Bit Axe
16:30 Man-at-Arms
22:25 Castle Age
28:33 Bloodlines
28:54 Gold Mining
28:56 Stone Mining
30:45 Wheelbarrow
31:21 Forging
31:16 Scale Barding Armor
33:38 Hand Cart
36:34 Imperial Age
36:11 Capped Ram
38:37 Iron Casting
39:51 Elite Steppe Lancer
42:07 Blast Furnace
41:33 Chain Barding Armor
44:22 Heavy Plow
48:57 Plate Barding Armor
53:25 Elite Skirmisher
55:07 Caravan
55:33 Fletching
55:44 Padded Archer Armor
58:27 Bodkin Arrow
58:48 Leather Archer Armor
62:40 Ballistics
63:29 Chemistry
buzzkill
0:45 Loom
12:39 Feudal Age
19:37 Castle Age
17:46 Double-Bit Axe
20:46 Wheelbarrow
20:53 Bow Saw
33:23 Imperial Age
31:10 Hand Cart
31:04 Caravan
32:33 Town Watch
33:32 Onager
35:23 Furor Celtica
35:19 Horse Collar
36:08 Town Patrol
35:42 Siege Onager
35:54 Pikeman
36:55 Heavy Scorpion
37:05 Halberdier
39:07 Conscription
39:22 Ballistics
40:25 Capped Ram
42:27 Siege Ram
Connection lost

Rejoining the realm…

Still unreachable

The connection could not be restored.

Session expired

The server has moved on; the page needs a fresh start.